 Dungeon Crawl Stone Soup version 0.31-a0-358-gac0dbeb3ab (webtiles) character file.

Game seed: 7064428978291117741

342 Dordric the Ruffian (level 6, 0/82 HPs)
             Began as an Ogre Shapeshifter on July 26, 2023.
             Succumbed to Crazy Yiuf's poison
             ... on level 3 of the Dungeon.
             The game lasted 00:02:29 (2428 turns).

Dordric the Ruffian (Ogre Shapeshifter)             Turns: 2428, Time: 00:02:29

Health: 0/82       AC:  7    Str: 19    XL:     6   Next: 57%
Magic:  6/6        EV:  9    Int: 13    God:
Gold:   189        SH:  0    Dex: 10    Spells: 5/5 levels left

rFire   . . .        t - +2 dagger (venom)
rCold   . . .        (no shield)
rNeg    . . .        a - +0 animal skin
rPois   +            (helmet currently unavailable)
rElec   .            (cloak currently unavailable)
rCorr   .            (gloves unavailable)
SInv    .            (boots unavailable)
Will    .....        (no amulet) Stlth
                     n - +4 ring of protection
HPRegen 0.33/turn    (no ring)
MPRegen 0.10/turn

%: no passive effects
@: berserking, lethally poisoned (0 -> -12), beast-form, very quick
A: beast (slay +3), large, unfitting armour, tough skin 1, talons 1, clever 1,
poison resistance
a: Begin Untransformation


You were on level 3 of the Dungeon.
You were a hulking beast.
You visited 1 branch of the dungeon, and saw 3 of its levels.

You collected 189 gold pieces.

Inventory:

Hand Weapons
 t - a +2 dagger of venom (weapon)
Armour
 a - a +0 animal skin (worn)
Jewellery
 i - a ring of ice
 n - a +4 ring of protection (left hand)
 q - a ring of ice
Talismans
 c - a beast talisman
Wands
 u - a wand of light (9)
Scrolls
 h - 3 scrolls of enchant armour {unknown}
 j - 2 scrolls of vulnerability {unknown}
 k - 3 scrolls of identify {unknown}
 m - a scroll of fear {unknown}
 p - a scroll of blinking {unknown}
 r - a scroll of enchant weapon {unknown}
 s - a scroll of immolation {unknown}
 v - a scroll of brand weapon {unknown}
 w - a scroll of amnesia {unknown}
 x - 2 scrolls of noise {unknown}
Potions
 b - 2 potions of lignification
 d - a potion of mutation
 e - a potion of heal wounds {unknown}
 f - a potion of enlightenment {unknown}
 g - a potion of cancellation {unknown}
 l - a potion of berserk rage
 o - 2 potions of curing {unknown}


   Skills:
 - Level 1.3 Fighting
 - Level 1.7 Dodging
 + Level 4.9 Unarmed Combat
 + Level 4.8 Shapeshifting


You had 5 spell levels left.
You didn't know any spells.
Your spell library contained the following spells:

 Spells                   Type           Power      Damage    Failure   Level
 Lesser Beckoning         Tloc           0%         N/A       43%         2
 Scorch                   Fire           0%         2d5       43%         2
 Gell's Gravitas          Tloc           0%         N/A       67%         3
 Hailstorm                Conj/Ice       0%         3d3       67%         3
 Teleport Other           Tloc           0%         N/A       67%         3
 Flame Wave               Conj/Fire      0%         2d4       97%         4
 Summon Ice Beast         Ice/Summ       0%         N/A       97%         4
 Simulacrum               Ice/Necr       0%         N/A       100%        6
 Summon Cactus Giant      Summ           0%         N/A       100%        6


Dungeon Overview and Level Annotations

Branches:
Dungeon (3/15)

Altars:
The Shining One


Innate Abilities, Weirdness & Mutations

You are a hulking beast.
Your limbs bulge with bestial killing power. (Slay +3)
You are too large for most types of armour.
You have tough skin. (AC +1)
You have sharp toenails.
Your mind is acute. (Int +4, Str/Dex -1)
Your system is resistant to poisons. (rPois)


Message History

Crazy Yiuf shouts!
Could not explore, unopened runed door.
Could not explore, unopened runed door.
Could not explore, unopened runed door.
No reachable target in view!
You open the door.
Crazy Yiuf says, "Action tea ena!"
Crazy Yiuf hits you with a +4 quarterstaff of chaos!
Crazy Yiuf freezes you.
There is an open translucent door, spattered with blood here.
You completely miss Crazy Yiuf.
Crazy Yiuf hits you with a +4 quarterstaff of chaos.
You are poisoned.
You hit Crazy Yiuf.
Crazy Yiuf is poisoned.
Crazy Yiuf is moderately wounded.
You feel very sick. Crazy Yiuf closely misses you.
You hit Crazy Yiuf.
Crazy Yiuf looks as sick as possible!
Crazy Yiuf is heavily wounded.
You feel very sick.
Crazy Yiuf hits you with a +4 quarterstaff of chaos!
You are lethally poisoned!
You hit Crazy Yiuf.
Crazy Yiuf looks as sick as possible!
Crazy Yiuf is severely wounded.
* * * LOW HITPOINT WARNING * * *
You feel very sick.
Crazy Yiuf hits you with a +4 quarterstaff of chaos!
* * * LOW HITPOINT WARNING * * *
Crazy Yiuf burns you.
* * * LOW HITPOINT WARNING * * *
It was a potion of mutation.
You feel extremely strange.
You feel clever.
Your toenails lengthen and sharpen.
You feel resistant to poisons.
* * * LOW HITPOINT WARNING * * *
You feel very sick.
You kill Crazy Yiuf!
It was a potion of berserk rage.
A red film seems to cover your vision as you go berserk!
You feel yourself moving faster!
You feel mighty!
You die...

#.#..#.....# #....#
#.#..####..# #....#
#.#........# #...##
#.#.####.### ##.##
#.#.......# #.##
#.####..#.## ##.#
#.......#..# #.##
######.....# ##.#
....######.# #h#
....'..##..# #.).#
....##.##..# #...#
....##.##..# #..)#
....##.##### #####
....##.#...#
....##.#.#######
....##.....#...####
....####..........#


There were no monsters in sight!

Vanquished Creatures
  Sigmund (D:3)
  Crazy Yiuf (D:3)
  Robin (D:3)
  3 gnolls (D:3)
  4 adders
  A worm (D:2)
  A dart slug (D:3)
  5 orcs (D:3)
  2 ball pythons
  2 bats
  2 endoplasms
  2 giant cockroaches (D:1)
  10 goblins
  9 hobgoblins
  3 quokkas
  A frilled lizard (D:2)
  3 kobolds
  12 rats
63 creatures vanquished.

Notes
Turn   | Place    | Note
-------+----------+-------------------------------------------
     0 | D:1      | Dordric the Ogre Shapeshifter began the quest for the Orb.
     0 | D:1      | Reached XP level 1. HP: 19/19 MP: 1/1
   153 | D:1      | Reached XP level 2. HP: 22/27 MP: 2/2
   624 | D:1      | Reached XP level 3. HP: 19/33 MP: 3/3
   817 | D:2      | Identified the +1 buckler "Gyiw" {rC+++ Will- rCorr Str-4}
   852 | D:2      | Reached XP level 4. HP: 32/41 MP: 4/4
  1141 | D:2      | Found a faded altar of an unknown god.
  1273 | D:3      | Noticed Robin
  1277 | D:3      | Noticed Sigmund
  1471 | D:3      | Killed Sigmund
  1472 | D:3      | Reached XP level 5. HP: 38/48 MP: 5/5
  1472 | D:3      | Reached XP level 6. HP: 43/55 MP: 6/6
  1483 | D:3      | Killed Robin
  1904 | D:3      | Found a runed translucent door.
  1905 | D:3      | Noticed Crazy Yiuf
  2231 | D:3      | Found a glowing golden altar of the Shining One.
  2427 | D:3      | Gained mutation: Your mind is acute. (Int +4, Str/Dex -1)
                  | [potion of mutation]
  2427 | D:3      | Gained mutation: You have sharp toenails. [potion of
                  | mutation]
  2427 | D:3      | Gained mutation: Your system is resistant to poisons.
                  | (rPois) [potion of mutation]
  2427 | D:3      | HP: 2/55 [poisoned by Crazy Yiuf]
  2427 | D:3      | Killed Crazy Yiuf
  2428 | D:3      | Succumbed to Crazy Yiuf's poison

Illustrated notes

Levels and vault maps discovered:
D:1:      spicycebolla_arrival_risky_transporter, layout_rooms,
          hangedman_decor_growths, minmay_rat_gold_closets
D:2:      layout_rooms, shapermc_ecumenical_altar_pompeii,
          kennysheep_generic_room_12
D:3:      layout_basic, lemuel_round_altar, uniq_sigmund,
          uniq_crazy_yiuf_cottage, uniq_robin

Skill      XL: |  1  2  3  4 |
---------------+-------------+-----
Unarmed Combat | 3 4 |  4.9
Shapeshifting  | 4 |  4.8
Fighting       | |  1.3
Dodging        | |  1.7

Action                     |  1- 3 |  4- 6 || total
---------------------------+-------+-------++-------
  Melee: Unarmed           |    88 |    79 ||   167
         Punch             |     1 |     3 ||     4
         Dagger            |       |    23 ||    23
    Use: Potion            |       |     2 ||     2
   Stab: Sleeping          |       |     1 ||     1
 Armour: Animal skin       |    25 |    44 ||    69
  Dodge: Dodged            |    39 |    67 ||   106

Table legend: (Time is in decaauts)
 A = Elapsed time spent in this place.
 B = Non-inter-level travel time spent in this place.
 C = Inter-level travel time spent in this place.
 D = Time resting spent in this place.
 E = Time spent auto-exploring this place.
 F = Levels seen in this place.
 G = Mean time per level.
                   A        B        C        D        E       F      G
               +--------+--------+--------+--------+--------+-----+--------+
         Total |   2418 |   2361 |     57 |    186 |   1730 |   3 |  806.0 |
       Dungeon |   2418 |   2361 |     57 |    186 |   1730 |   3 |  806.0 |
               +--------+--------+--------+--------+--------+-----+--------+

Top non-repeatable levels by time:
     D:3: 1029 daAuts
     D:2: 719 daAuts
     D:1: 669 daAuts
